 Dungeon Crawl Stone Soup version 0.18.1-50-g88ac8fd (webtiles) character file.

2880 Korbac the Grappler (level 9, -3/82 HPs)
             Began as a Minotaur Monk on Oct 16, 2016.
             Was a Priest of Dithmenos.
             Slain by an orc warrior
             ... wielding a +1 vampiric halberd
              (7 damage)
             ... on level 7 of the Dungeon.
             The game lasted 00:36:42 (6313 turns).

Korbac the Grappler (Minotaur Monk)                 Turns: 6313, Time: 00:36:43

Health: -3/82      AC:  4    Str: 18    XL:     9   Next: 48%
Magic:  8/8        EV: 17    Int:  7    God:    Dithmenos [***...]
Gold:   264        SH:  0    Dex: 14    Spells: 0 memorised, 8 levels left

rFire  + . .     SeeInvis .       - Unarmed
rCold  . . .     Gourm    .     b - +1 leather armour {rPois}
rNeg   . . .     Faith    .     (no shield)
rPois  +         Spirit   .     (helmet restricted)
rElec  .         Dismiss  .     (no cloak)
rCorr  .         Reflect  .     (no gloves)
SustAt .         Harm     .     (no boots)
MR     .....                    (no amulet)
Stlth  +++.......               (no ring)
                                l - ring of protection from fire

@: hasted, wreathed by umbra, very quick, not resistant to hostile enchantments,
fairly stealthy
A: retaliatory headbutt, horns 2
a: Shadow Step, Renounce Religion


You were on level 7 of the Dungeon.
You worshipped Dithmenos.
Dithmenos was most pleased with you.
You were not hungry.

You visited 1 branch of the dungeon, and saw 7 of its levels.
You also visited: Ossuary.

You collected 264 gold pieces.

Inventory:

Hand Weapons
 q - a +1 hand axe of venom (quivered)
 w - a +4 greatsling
 C - a +0 blowgun
 E - a +2 dagger of holy wrath
Missiles
 A - 24 sling bullets
 G - 20 poisoned needles
Armour
 b - a +1 leather armour of poison resistance (worn)
Jewellery
 l - a ring of protection from fire (left hand)
 H - an uncursed ring of fire {unknown}
Wands
 y - a wand of random effects (39/48)
 I - a wand of iceblast (4/15)
Scrolls
 c - a scroll of enchant armour
 e - a scroll of magic mapping
 f - 3 scrolls of fear
 h - a scroll of enchant weapon
 p - a scroll of amnesia
 r - 2 scrolls of recharging {unknown}
 u - a scroll of immolation {unknown}
 B - a scroll of remove curse
 D - 3 scrolls of teleportation
 N - a scroll of identify
 O - a scroll of vulnerability {unknown}
Potions
 a - 2 potions of invisibility
 d - 5 potions of curing
 g - 4 potions of agility
 i - a potion of beneficial mutation {unknown}
 j - 2 potions of haste
 k - a potion of flight {unknown}
 o - a potion of berserk rage {unknown}
 s - 2 potions of brilliance
 t - a potion of mutation {unknown}
 v - 3 potions of lignification
 F - 3 potions of degeneration {unknown}
 J - a potion of cancellation
 M - a potion of ambrosia {unknown}
Books
 z - a book of Maledictions

   Spells                             Type                      Level
   a - Corona                         Hexes                        1
   b - Ensorcelled Hibernation        Hexes/Ice                    2
   c - Confuse                        Hexes                        3
   d - Tukima's Dance                 Hexes                        3
   e - Dazzling Spray                 Conjuration/Hexes            3
Miscellaneous
 x - a plain deck of escape
Comestibles
 n - 2 meat rations
 L - 2 slices of pizza


   Skills:
 * Level 8.6 Fighting
 * Level 9.1 Dodging
 + Level 3.5 Stealth
 * Level 9.5 Unarmed Combat


You had 8 spell levels left.
You didn't know any spells.

Dungeon Overview and Level Annotations

Branches:
Dungeon (7/15)             Temple (0/1) D:5

Altars:
Dithmenos
Kikubaaqudgha
Makhleb
Nemelex Xobeh
Pakellas
Sif Muna
Yredelemnul
Zin

Shops:
D:6 [


Innate Abilities, Weirdness & Mutations

You reflexively headbutt those who attack you in melee.
You have a pair of horns on your head.


Message History

The orc warrior is severely wounded.
The centaur misses you. The orc warrior closely misses you.
You barely miss the orc warrior.
The orc warrior is severely wounded.
The centaur barely misses you. The centaur closely misses you.
The orc warrior hits you with a vampiric halberd!
* * * LOW HITPOINT WARNING * * *
Drink which item? (? for menu, Esc to quit)
You feel much better. The centaur hits you.
The orc warrior hits you with a vampiric halberd!
* * * LOW HITPOINT WARNING * * *
You closely miss the orc warrior.
The orc warrior is severely wounded.
The centaur hits you.
* * * LOW HITPOINT WARNING * * *
Drink which item? (? for menu, Esc to quit)
You feel yourself speed up. The centaur hits you!
* * * LOW HITPOINT WARNING * * *
The orc warrior hits you with a vampiric halberd!
You die...

## .. .... .... .. ....
.... ###############
............... .....
......
####################
#..c..#.....#......#
#..o@.#.....#......#
#..#.(#..#..#..###†#
#.o#.(#..#..#..#...#
..)c#.....#..†..#.8†#
.....#.....#.....#...#
#######################


You could see an orc warrior and a centaur.

Vanquished Creatures
  Menkaure (D:4)
  A water moccasin (D:7)
  A black bear (D:6)
  An ice beast (D:7)
  4 ogres
  A phantom (D:4)
  A centaur (D:6)
  Blork the orc (D:6)
  A giant frog (D:7)
  10 scorpions
  A howler monkey (D:4)
  3 crimson imps
  2 centaur zombies (Ossuary)
  A giant frog zombie (D:5)
  2 human zombies (Ossuary)
  2 hounds
  An orc priest (D:4)
  3 iron imps (D:6)
  A jelly (D:6)
  10 orc wizards
  Jessica (D:2)
  2 hell rats (D:6)
  3 worker ants
  Ijyb (D:4)
  2 big kobold zombies (Ossuary)
  A hound skeleton (D:7)
  3 mummies (Ossuary)
  A worker ant zombie (D:6)
  8 adders
  A gnoll (D:3)
  4 river rats (D:6)
  A scorpion zombie (Ossuary)
  A shadow imp (D:4)
  2 oozes
  3 worms
  4 giant geckos
  22 orcs
  6 bats
  6 giant cockroaches
  6 gnoll zombies
  13 goblins
  5 hobgoblins
  2 jackals (D:3)
  5 quokkas
  3 ball pythons (D:2)
  A giant gecko zombie (D:5)
  8 giant newts
  3 goblin zombies (Ossuary)
  9 kobolds
  3 kobold zombies (Ossuary)
  An orc zombie (Ossuary)
  2 quokka skeletons
  32 rats
213 creatures vanquished.

Vanquished Creatures (others)
  An adder skeleton (D:5)
1 creature vanquished.

Grand Total: 214 creatures vanquished

Notes
Turn   | Place    | Note
--------------------------------------------------------------
     0 | D:1      | Korbac the Minotaur Monk began the quest for the Orb.
     0 | D:1      | Reached XP level 1. HP: 19/19 MP: 0/0
   365 | D:1      | Reached XP level 2. HP: 25/27 MP: 1/1
   490 | D:2      | Reached skill level 5 in Unarmed Combat
   490 | D:2      | Reached XP level 3. HP: 14/33 MP: 2/2
  1090 | D:2      | Reached XP level 4. HP: 31/40 MP: 3/3
  1282 | D:2      | Noticed Jessica
  1287 | D:2      | Killed Jessica
  1327 | D:2      | Found an ancient bone altar of Kikubaaqudgha.
  1554 | D:3      | Reached XP level 5. HP: 47/47 MP: 4/4
  1976 | D:4      | Noticed an ogre
  1983 | D:4      | Killed an ogre
  1983 | D:4      | Reached skill level 5 in Dodging
  1988 | D:4      | Reached XP level 6. HP: 33/53 MP: 5/5
  2339 | D:4      | Noticed Menkaure
  2356 | D:4      | Killed Menkaure
  2356 | D:4      | Reached skill level 5 in Fighting
  2406 | D:4      | Noticed Ijyb
  2425 | D:4      | Killed Ijyb
  2425 | D:4      | Reached XP level 7. HP: 41/61 MP: 6/6
  2500 | D:4      | Found a shadowy altar of Dithmenos.
  2536 | D:5      | Entered Level 5 of the Dungeon
  2543 | D:6      | Found a burning altar of Makhleb.
  2586 | D:6      | Found a sand-covered staircase.
  2617 | Ossuary  | Entered an ossuary
  3098 | Ossuary  | HP: 3/62 [poisoned by a scorpion]
  3616 | Ossuary  | Reached XP level 8. HP: 66/71 MP: 7/7
  3863 | D:5      | Found a sparkling altar of Nemelex Xobeh.
  4047 | D:4      | Became a worshipper of Dithmenos the Shadowed
  4047 | D:4      | Reached * piety under Dithmenos
  4047 | D:4      | Reached ** piety under Dithmenos
  4930 | D:4      | Found a basalt altar of Yredelemnul.
  5029 | D:5      | Found a staircase to the Ecumenical Temple.
  5079 | D:5      | Found a deep blue altar of Sif Muna.
  5206 | D:5      | Found an oddly glowing altar of Pakellas.
  5206 | D:5      | Noticed a fire dragon
  5322 | D:6      | Reached XP level 9. HP: 45/80 MP: 8/8
  5596 | D:6      | Found a glowing silver altar of Zin.
  5696 | D:6      | Noticed Blork the orc
  5718 | D:6      | Killed Blork the orc
  5718 | D:6      | Reached *** piety under Dithmenos
  6062 | D:6      | Found Qianluosu's Armour Shoppe.
  6313 | D:7      | HP: 4/82 [centaur (9)]
  6313 | D:7      | Slain by an orc warrior

Skill      XL: |  1  2  3  4  5  6  7  8  9 |
---------------+----------------------------+-----
Fighting       | 4 5 6 7 8 |  8.6
Unarmed Combat | 5 6 7 8 9 |  9.5
Dodging        | 4 5 7 8 9 |  9.1
Stealth        | 2 3 |  3.5

Action                   |  1- 3 |  4- 6 |  7- 9 || total
-------------------------+-------+-------+-------++-------
Melee: Unarmed           |    73 |   129 |   435 ||   637
       Headbutt          |    14 |    27 |    78 ||   119
       Punch             |     2 |     3 |    11 ||    16
  Use: Scroll            |       |     3 |    10 ||    13
       Potion            |       |     4 |     8 ||    12
 Stab: Sleeping          |     3 |     3 |     7 ||    13
  Eat: Bread ration      |       |     1 |     2 ||     3
       Meat ration       |       |       |     1 ||     1
       Fruit             |       |       |     2 ||     2
Armor: Robe              |    14 |     2 |       ||    16
       Leather armour    |       |    24 |    44 ||    68
       Skin              |       |    11 |       ||    11
Dodge: Dodged            |    55 |    95 |   279 ||   429
